 Dungeon Crawl Stone Soup version 0.31.0-11-ge490571c62 (webtiles) character file.

Game seed: 6009190310808757150

9148 bearlyready the Grappler (level 11, -3/166 HPs)
             Began as a Troll Shapeshifter on Feb 10, 2024.
             Was an Initiate of Gozag.
             Slain by Amaemon
             ... wielding a -2 demon whip of venom
              (5 damage)
             ... on level 8 of the Dungeon.
             The game lasted 00:13:12 (7386 turns).

bearlyready the Grappler (Troll Shapeshifter)       Turns: 7386, Time: 00:13:13

Health: -3/166     AC: 25    Str: 28    XL:     11   Next: 19%
Magic:  10/10      EV:  1    Int:  6    God:    Gozag
Gold:   955        SH:  5    Dex: 15    Spells: 10/10 levels left

rFire   . .          .
                       - Unarmed
rCold   . . .        (no shield)
rNeg    . . .        a - melded +0 animal skin
rPois   +            (helmet currently unavailable)
rElec   .            (cloak currently unavailable)
rCorr   .            (gloves unavailable)
SInv    .            (boots unavailable)
Will    .....        A - amulet of reflection
Stlth   +            E - ring of poison resistance
HPRegen 1.27/turn    F - +6 ring of dexterity
MPRegen 0.12/turn

%: reflection
@: lethally poisoned (-3 -> -8), tree-form, weakened, slowed, very slow
A: stationary, stasis, torment immunity, boosted hp, large, unfitting armour,
(claws 3), regeneration 1, (shaggy fur 1), (tough skin 1)
a: Renounce Religion, Potion Petition, Call Merchant, Bribe Branch


You were on level 8 of the Dungeon.
You worshipped Gozag.
Gozag was pleased with you.
You were a tree.
You visited 2 branches of the dungeon, and saw 10 of its levels.
You also visited: Sewer and Ossuary.

You collected 1230 gold pieces.
You spent 90 gold pieces at shops.
You paid 185 gold pieces to Gozag.

Inventory:

Missiles
 f - 50 stones (quivered)
 w - 9 javelins
 Q - a curare-tipped dart
Armour
 a - a +0 animal skin (melded)
Jewellery
 j - an amulet of guardian spirit
 k - an amulet of regeneration
 l - a ring of magical power
 A - an amulet of reflection (around neck)
 E - a ring of poison resistance (left branch)
 F - a +6 ring of dexterity (right branch)
Talismans
 c - a beast talisman
 d - a flux talisman
 h - a blade talisman
 J - a beast talisman
Wands
 K - a wand of paralysis (4)
 N - a wand of acid (6)
 P - a wand of iceblast (8)
Scrolls
 g - 2 scrolls of fog
 m - a scroll of brand weapon
 p - 2 scrolls of immolation {unknown}
 r - 3 scrolls of noise
 t - 3 scrolls of amnesia
 v - 2 scrolls of vulnerability {unknown}
 x - a scroll of torment {unknown}
 y - 4 scrolls of teleportation {unknown}
 z - a scroll of enchant weapon {unknown}
 C - a scroll of fear {unknown}
 D - a scroll of blinking
 G - a scroll of enchant armour {unknown}
 O - 2 scrolls of identify
Potions
 b - 2 potions of lignification
 e - 3 potions of haste {unknown}
 i - 7 potions of curing
 o - 2 potions of mutation {unknown}
 q - 2 potions of enlightenment {unknown}
 s - 4 potions of attraction {unknown}
 u - a potion of degeneration {unknown}
 B - 3 potions of ambrosia {unknown}
 H - 2 potions of brilliance {unknown}
 I - a potion of magic {unknown}
 L - a potion of resistance {unknown}
 M - 2 potions of heal wounds {unknown}
Miscellaneous
 n - a phial of floods


   Skills:
 - Level 8.0 Fighting
 - Level 3.1 Throwing
 - Level 1.5 Dodging
 + Level 10.4 Unarmed Combat
 - Level 2.0 Evocations
 + Level 9.6 Shapeshifting


You had 10 spell levels left.
You didn't know any spells.
Your spell library contained the following spells:

 Spells                   Type           Power      Damage    Failure   Level
 Foxfire                  Conj/Fire      0%         2x1d4     45%         1
 Freeze                   Ice            0%         1d3       45%         1
 Magic Dart               Conj           0%         1d3       45%         1
 Blink                    Tloc           0%         N/A       58%         2
 Call Imp                 Summ           0%         N/A       58%         2
 Dazzling Flash           Conj/Hex       0%         N/A       83%         3
 Frozen Ramparts          Ice            0%         1d1       83%         3
 Hailstorm                Conj/Ice       0%         3d5       83%         3
 Volatile Blastmotes      Fire/Tloc      0%         2d10      83%         3
 Summon Blazeheart Golem  Fire/Summ      0%         N/A       99%         4
 Plasma Beam              Fire/Air       0%         2x1d10    100%        6
 Sculpt Simulacrum        Ice/Alch       0%         N/A       100%        6
 Starburst                Conj/Fire      0%         6d3       100%        6
 Orb of Destruction       Conj           0%         9d5       100%        7
 Ozocubu's Refrigeration  Ice            0%         4d7       100%        7
 Spellforged Servitor     Conj/Summ      0%         N/A       100%        7
 Maxwell's Capacitive Co  Air            0%         ∞         100%        8
 Polar Vortex             Ice            0%         N/A       100%        9


Dungeon Overview and Level Annotations

Branches:
Dungeon (9/15)             Temple (1/1) D:7           Sewer (visited)
Ossuary (visited)
   Lair: D:8-11         Orc: D:9-12

Altars:
Ashenzari
Cheibriados
Dithmenos
Elyvilon
Fedhas
Gozag
Hepliaklqana
Kikubaaqudgha
Makhleb
Nemelex Xobeh
Okawaru
Ru
Trog
Vehumet
Wu Jian
Xom
Yredelemnul
Zin
The Shining One

Shops:
D:5 !   D:9 =

Annotations:
D:5 1 runed translucent door
D:8 Amaemon


Innate Abilities, Weirdness & Mutations

You are a tree.
Your roots penetrate the ground, keeping you stationary.
You cannot be teleported.
You are immune to unholy pain and torment.
Your maximum health is greatly increased.
Your equipment is partially melded.
You are too large for most types of armour.
((You have claws for hands.))
Your natural rate of healing is unusually fast.
((You are covered in fur. (AC +1)))
((You have tough skin. (AC +1)))


Message History

Amaemon is almost dead.
You feel very sick. You block Amaemon's attack.
Amaemon claws you but does no damage.
Amaemon tail-slaps you but does no damage.
The orange demon stings you from afar.
* * * LOW HITPOINT WARNING * * *
You resist.
You closely miss Amaemon.
Amaemon is almost dead.
You feel sick.
Amaemon gestures wildly while chanting.
You block the orange demon's attack.
You smack Amaemon!
Amaemon is almost dead.
You feel sick. You block Amaemon's attack.
Amaemon claws you but does no damage. Amaemon tail-slaps you.
* * * LOW HITPOINT WARNING * * *
The orange demon stings you from afar!
* * * LOW HITPOINT WARNING * * *
Press: ? - help, . - travel You can't see that place. [the floor.]
Aiming: Corrosive Bolt
Press: ? - help, Shift-Dir - straight line, f/p - Amaemon
Aim: Amaemon, wielding a -2 demon whip of venom (almost dead, covered in acid, 64% to hit)
The bolt of acid misses Amaemon.
The bolt of acid hits the scorpion!
The acid corrodes the scorpion!
The scorpion is almost dead.
You feel sick. Amaemon hits you but does no damage.
You are more poisoned.
You block Amaemon's attack.
Amaemon tail-slaps you but does no damage.
The orange demon stings you but does no damage.
Amaemon hits you with a -2 demon whip of venom!
* * * LOW HITPOINT WARNING * * *
Amaemon claws you!
* * * LOW HITPOINT WARNING * * *
Amaemon tail-slaps you.
You die...
Your body crumbles into a pile of gold.

.####.##.# #.....# #.# #.#
..##..##.#
#.....####.######.#
......##.#
##..#..............
......##[###
#.##.#.###########
.._8_.##...### #.##.#.# #...
#.._..##.....# #.##.#.# #.##
#.....##.....###....#.# #[#
#####..<.......####.#.# #.#
#.##.....#..♣##.#.########.##
#.##.....###6##.#.........#.#
#.####.####4s.############.##
#.# #.###.....# ### #.#
#...#.....# #.########.....#
#........##...##
#.########.....
#.########.....


You could see Amaemon (corroded), an orange demon (curare) and a scorpion
(summoned, corroded).

Vanquished Creatures
  A two-headed ogre (D:8)
  Grinder (D:3)
  Sigmund (D:3)
  A wyvern (D:7)
  22 yaks
  Eustachio (D:6)
  A vampire (D:9)
  2 steam dragons
  Grum (D:8)
  Menkaure (D:6)
  Duvessa (D:6)
  Edmund (D:5)
  A water moccasin (D:8)
  A black bear (D:5)
  2 ice beasts
  An orc warrior (D:6)
  A sky beast (D:7)
  3 wolves (D:8)
  2 centaurs (D:9)
  2 phantoms
  4 bullfrogs
  A gnoll sergeant (D:8)
  A kobold brigand (D:8)
  15 scorpions
  6 wights
  Dowan (D:6)
  3 killer bees
  A howler monkey (D:8)
  2 centaur zombies (Ossuary)
  A hound (D:3)
  A human zombie (Ossuary)
  2 bombardier beetles
  A jelly (D:5)
  An orc priest (D:5)
  A gnoll bouda (D:6)
  2 iguanas
  A sleepcap (D:7)
  Jessica (D:3)
  3 orc wizards
  4 scorpion zombies (Ossuary)
  3 mummies (Ossuary)
  11 gnolls
  13 adders
  2 river rats (D:6)
  A white imp (D:8)
  An adder zombie (Ossuary)
  8 dart slugs
  4 ribbon worms
  15 orcs
  4 endoplasms
  16 giant cockroaches
  A gnoll zombie (Ossuary)
  5 goblins
  8 hobgoblins
  6 quokkas
  8 ball pythons
  2 bats
  8 frilled lizards
  A goblin zombie (D:6)
  4 jackal zombies (Ossuary)
  5 kobolds
  2 orc zombies (Ossuary)
  A quokka zombie (D:6)
  4 rats
  2 butterflies (D:5)
234 creatures vanquished.

Vanquished Creatures (others)
  An arcanist (D:6)
1 creature vanquished.

Grand Total: 235 creatures vanquished

Notes
Turn   | Place    | Note
-------+----------+-------------------------------------------
     0 | D:1      | bearlyready the Troll Shapeshifter began the quest for the
                  | Orb.
     0 | D:1      | Reached XP level 1. HP: 18/18 MP: 0/0
    52 | D:1      | Reached XP level 2. HP: 26/26 MP: 1/1
   867 | D:2      | Reached XP level 3. HP: 29/32 MP: 2/2
  1324 | D:3      | Reached skill level 4 in Unarmed Combat
  1324 | D:3      | Reached XP level 4. HP: 27/40 MP: 3/3
  1378 | D:3      | Reached skill level 1 in Fighting
  1396 | D:3      | Noticed Sigmund
  1408 | D:3      | Killed Sigmund
  1409 | D:3      | Reached XP level 5. HP: 41/49 MP: 4/4
  1497 | D:3      | Reached XP level 6. HP: 52/57 MP: 5/5
  1571 | D:3      | Noticed Grinder
  1585 | D:3      | Paralysed by Grinder for 4 turns
  1597 | D:3      | Killed Grinder
  1598 | D:3      | Reached skill level 5 in Unarmed Combat
  1598 | D:3      | Reached skill level 5 in Shapeshifting
  1862 | D:3      | Noticed Jessica
  1865 | D:3      | Killed Jessica
  2064 | D:4      | Reached XP level 7. HP: 66/66 MP: 6/6
  2432 | D:4      | Reached skill level 6 in Unarmed Combat
  2578 | D:5      | Entered Level 5 of the Dungeon
  2690 | D:5      | You fall into a shaft and drop 3 floors!
  2697 | D:8      | Found an iron altar of Okawaru.
  2700 | D:8      | Found a shimmering altar of Xom.
  2709 | D:6      | Reached XP level 8. HP: 78/78 MP: 7/7
  2713 | D:6      | Noticed Menkaure
  2724 | D:6      | Killed Menkaure
  2784 | D:6      | Noticed Dowan
  2785 | D:6      | Noticed Duvessa
  2788 | D:6      | Killed Dowan
  2802 | D:6      | Killed Duvessa
  2803 | D:6      | Reached skill level 7 in Unarmed Combat
  2829 | D:6      | Found a sand-covered staircase.
  2843 | Ossuary  | Entered an ossuary
  2952 | Ossuary  | Reached skill level 5 in Fighting
  3021 | Ossuary  | Reached XP level 9. HP: 51/88 MP: 8/8
  3326 | D:6      | Found a glowing drain.
  3330 | Sewer    | Entered a sewer
  3850 | D:6      | Reached skill level 8 in Unarmed Combat
  4096 | D:5      | Found Oror's Distillery.
  4105 | D:5      | Bought a potion of lignification for 45 gold pieces
  4105 | D:5      | Bought a potion of curing for 45 gold pieces
  4193 | D:5      | Noticed Edmund
  4198 | D:5      | Killed Edmund
  4496 | D:5      | Found a runed translucent door.
  4499 | D:5      | Found a runed translucent door.
  4526 | D:5      | Reached skill level 1 in Throwing
  4537 | D:5      | Reached skill level 1 in Evocations
  5117 | D:6      | Found a bloodstained altar of Trog.
  5120 | D:6      | Noticed a wizard
  5125 | D:6      | Killed a wizard
  5150 | D:6      | Noticed Eustachio
  5178 | D:6      | Killed Eustachio
  5351 | D:6      | Found a broken altar of Ashenzari.
  5559 | D:7      | Found a staircase to the Ecumenical Temple.
  5576 | Temple   | Entered the Ecumenical Temple
  5597 | Temple   | Became a worshipper of Gozag Ym Sagoz the Greedy
  5841 | D:7      | Reached XP level 10. HP: 85/100 MP: 9/9
  6112 | D:8      | Found a white marble altar of Elyvilon.
  6128 | D:8      | Found a snail-covered altar of Cheibriados.
  6179 | D:8      | Reached skill level 9 in Unarmed Combat
  6272 | D:8      | Noticed Grum
  6281 | D:8      | Killed Grum
  6600 | D:8      | Found an ancient bone altar of Kikubaaqudgha.
  6603 | D:8      | Noticed a two-headed ogre
  6829 | D:9      | Reached skill level 10 in Unarmed Combat
  6840 | D:9      | Found Onwaege's Jewellery Emporium.
  6890 | D:9      | Reached XP level 11. HP: 94/110 MP: 10/10
  7163 | D:8      | Killed a two-headed ogre
  7298 | D:8      | Found a glowing golden altar of the Shining One.
  7369 | D:8      | Noticed Amaemon
  7386 | D:8      | HP: 2/166 [Amaemon/-2 demon whip of venom (7)]
  7386 | D:8      | Slain by Amaemon

Illustrated notes

Levels and vault maps discovered:
D:1:      mrwooster_arrival_arrow, layout_loops_ring, minivault_14
D:2:      layout_basic
D:3:      layout_basic, uniq_grinder, uniq_sigmund, uniq_jessica
D:4:      layout_basic, dreamdust_mushroom_princess
D:5:      lemuel_insect_pit, layout_layer_cave, serial_shops,
          nicolae_lakefront_shop, hex_medium, nicolae_hexahallways, uniq_edmund
D:6:      layout_rooms, trog_wizard, nicolae_ashenzari_skybound,
          gup_sewer_entry_spiral, enter_ossuary_4, uniq_menkaure,
          uniq_eustachio, uniq_duvessa
D:7:      layout_cave_pools, minmay_temple_entry_waves, serial_column_ruins,
          column_ruins_open_tiny, column_ruins_grid_3, column_ruins_columns_T
D:8:      layout_loops_ring, slow_altar_1, elyvilon_altar_4, marbit_many_paths,
          chequers_temple_overflow_statue_of_worship, st_stairs_5,
          minmay_ruined_shrine, uniq_amaemon, uniq_grum
D:9:      regret_index_infernal_bastille, layout_rooms, serial_shops,
          nicolae_shop_window_shopping
Temple:   nicolae_temple_slightly_damp_pantheon

Skill      XL: |  1  2  3  4  5  6  7  8  9 10 11 |
---------------+----------------------------------+-----
Unarmed Combat | 4 5 6 7 8 10 | 10.4
Shapeshifting  | 4 5 7 8 9 |  9.6
Fighting       | 2 3 5 6 7 8 |  8.0
Throwing       | 2 3 |  3.1
Evocations     | 2 |  2.0
Dodging        | |  1.5

Action                     |  1- 3 |  4- 6 |  7- 9 | 10-12 || total
---------------------------+-------+-------+-------+-------++-------
  Melee: Unarmed           |    69 |    67 |   365 |   149 ||   650
         Punch             |     1 |       |    12 |    13 ||    26
  Throw: Stone             |       |       |     9 |       ||     9
  Evoke: Wand              |       |       |       |     8 ||     8
    Use: Scroll            |       |       |     6 |     1 ||     7
         Potion            |       |       |     1 |     2 ||     3
   Stab: Sleeping          |       |     1 |     1 |       ||     2
         Paralysed         |       |       |       |     6 ||     6
 Armour: Animal skin       |    41 |    43 |   271 |    95 ||   450
         Skin              |       |       |    15 |    52 ||    67
  Dodge: Dodged            |    17 |    31 |   128 |    32 ||   208
  Block: Other             |       |       |    25 |    29 ||    54
         Reflection        |       |       |       |     1 ||     1
